| TOP OF THE 1ST |
|
Beloit Snappers batting - Pitching for Lansing Lugnuts : LHP Jon Valdovinos
|
|
Pitching: LHP Jon Valdovinos
|
|
|
Batting: LHB Nate Melendez
|
0-0: Ball 1-0: Called Strike 1-1: Ball 2-1: TRIPLE (Flyball, 8RXD, EV 88.8 MPH)
|
|
Batting: RHB Mike Gangi
|
0-0: Called Strike 0-1: Ball 1-1: Foul Ball, location: 2F 1-2: Ground out 1-3 (Groundball, 15S, EV 66.9 MPH)
|
|
Batting: RHB Walt Alaniz
|
0-0: Foul Ball, location: 2F 0-1: Ground out 6-3 (Groundball, 56, EV 106.2 MPH) Nate Melendez scores
|
|
Batting: RHB Rafael Alarcon
|
0-0: Called Strike 0-1: Ball 1-1: Foul Ball, location: 2F 1-2: Foul Ball, location: 2F 1-2: Ball 2-2: SINGLE (Flyball, 78S, EV 91.9 MPH)
|
|
Batting: RHB Chris Temple
|
0-0: Called Strike 0-1: Ball 1-1: Ball 2-1: Ball 3-1: Base on Balls Rafael Alarcon to second
|
|
Batting: RHB Shannon Beck
|
0-0: Fielders Choice at 2nd, 6-4 (Groundball, 6D, EV 111.2 MPH)
|
| Top of the 1st over - 1 run, 2 hits, 0 errors, 2 left on base; Beloit 1 - Lansing 0 |
| BOTTOM OF THE 1ST |
|
Lansing Lugnuts batting - Pitching for Beloit Snappers : LHP Kevin Barteaux
|
|
Pitching: LHP Kevin Barteaux
|
|
|
Batting: RHB Kennet Strijbis
|
0-0: Ball 1-0: Ball 2-0: Reached on error, E6 (Groundball, 56, EV 106.9 MPH)
|
|
Batting: RHB Carlos Renteria
|
0-0: Foul Ball, location: 2F 0-1: Called Strike 0-2: Ball 1-2: SINGLE (Line Drive, 89S, EV 111.2 MPH) Kennet Strijbis to second
|
|
Batting: RHB Raul de la Cruz
|
0-0: Called Strike 0-1: Ball 1-1: Foul Ball, location: 2F 1-2: Ball 2-2: Ball 3-2: Reached on error, E6 (Groundball, 6, EV 90.6 MPH) Kennet Strijbis to third Carlos Renteria to second
|
|
Batting: LHB Marc Carter
|
0-0: Called Strike 0-1: Called Strike 0-2: Ball 1-2: Ball 2-2: Fielders Choice at 2nd, 4-6 (Groundball, 4, EV 81.9 MPH) Kennet Strijbis scores Carlos Renteria to third
|
|
Batting: RHB Freddy Quintero
|
0-0: Called Strike 0-1: Fielders Choice at 2nd, 6-4 (Groundball, 6, EV 78.1 MPH) Carlos Renteria scores
|
|
Batting: RHB Butch Koglin
|
0-0: Ball 1-0: Ball 2-0: Ball 3-0: Base on Balls Freddy Quintero to second
|
|
Batting: RHB Ricky Carbajal
|
0-0: SINGLE (Groundball, 4M, EV 100.6 MPH) (infield hit) Freddy Quintero to third Butch Koglin to second
|
|
Batting: LHB Roger Escareno
|
0-0: Ball 1-0: Ball 2-0: Swinging Strike 2-1: Called Strike 2-2: Foul Ball, location: 2F 2-2: Ball 3-2: Foul Ball, location: 2F 3-2: Foul Ball, location: 2F 3-2: SINGLE (Line Drive, 6D, EV 108.1 MPH) Freddy Quintero scores Butch Koglin to third Ricky Carbajal to second Butch Koglin scores Ricky Carbajal to third
|
|
Batting: LHB Timo Gomez
|
0-0: Called Strike 0-1: Swinging Strike 0-2: Foul Ball, location: 2F 0-2: Ball 1-2: 3-RUN HOME RUN (Flyball, 7LD, EV 92.5 MPH), Distance : 335 ft
|
|
Pitching: LHP Alex Shannon
|
|
|
Batting: RHB Kennet Strijbis
|
0-0: Called Strike 0-1: Ball 1-1: Ball 2-1: Swinging Strike 2-2: Reached on error, E6 (Groundball, 6M, EV 103.8 MPH)
|
|
Batting: RHB Carlos Renteria
|
0-0: Ball Kennet Strijbis steals 2nd base 1-0: Called Strike 1-1: Ball 2-1: Foul Ball, location: 2F 2-2: Strikes out looking
|
| Bottom of the 1st over - 7 runs, 4 hits, 3 errors, 1 left on base; Beloit 1 - Lansing 7 |
| TOP OF THE 2ND |
|
Beloit Snappers batting - Pitching for Lansing Lugnuts : LHP Jon Valdovinos
|
|
Batting: RHB Jason Dove
|
0-0: Swinging Strike 0-1: Swinging Strike 0-2: Strikes out swinging
|
|
Batting: RHB Moses Brokken
|
0-0: Called Strike 0-1: Ball 1-1: Ground out 5-3 (Groundball, 56S, EV 70.0 MPH)
|
|
Batting: RHB Tim Anderson
|
0-0: Ball 1-0: Ball 2-0: Ball 3-0: Called Strike 3-1: Called Strike 3-2: Strikes out swinging
|
| Top of the 2nd over - 0 runs, 0 hits, 0 errors, 0 left on base; Beloit 1 - Lansing 7 |
| BOTTOM OF THE 2ND |
|
Lansing Lugnuts batting - Pitching for Beloit Snappers : LHP Alex Shannon
|
|
Batting: RHB Raul de la Cruz
|
0-0: Called Strike 0-1: Fly out, F9 (Flyball, 9LSF, EV 94.4 MPH)
|
|
Batting: LHB Marc Carter
|
0-0: DOUBLE (Line Drive, 7LM, EV 109.4 MPH)
|
|
Batting: RHB Freddy Quintero
|
0-0: Swinging Strike 0-1: Swinging Strike 0-2: Ball 1-2: Strikes out swinging
|
|
Batting: RHB Butch Koglin
|
0-0: Ball 1-0: Ball 2-0: Ball 3-0: Base on Balls
|
|
Batting: RHB Ricky Carbajal
|
0-0: Ball 1-0: Foul Ball, location: 2F 1-1: Foul Ball, location: 2F 1-2: Foul Ball, location: 2F 1-2: Ball 2-2: SINGLE (Groundball, 6MD, EV 94.4 MPH) Marc Carter to third Butch Koglin to second Runner from 3rd tries for Home, SAFE, throw by CF to home
|
|
Batting: LHB Roger Escareno
|
0-0: 3-RUN HOME RUN (Flyball, 9D, EV 97.5 MPH), Distance : 354 ft
|
|
Batting: LHB Timo Gomez
|
0-0: Ball 1-0: Fly out, F5 (Popup, 25F, EV 85.0 MPH)
|
| Bottom of the 2nd over - 4 runs, 3 hits, 0 errors, 0 left on base; Beloit 1 - Lansing 11 |
| TOP OF THE 3RD |
|
Beloit Snappers batting - Pitching for Lansing Lugnuts : LHP Jon Valdovinos
|
|
Batting: LHB Nate Melendez
|
0-0: Ball 1-0: Swinging Strike 1-1: Called Strike 1-2: Ball 2-2: Foul Ball, location: 2F 2-2: Fly out, F8 (Flyball, 8RD, EV 94.4 MPH)
|
|
Batting: RHB Mike Gangi
|
0-0: Ball 1-0: Ball 2-0: Called Strike 2-1: Ball 3-1: Fly out, F7 (Flyball, 7D, EV 107.5 MPH)
|
|
Batting: RHB Walt Alaniz
|
0-0: Fly out, F5 (Line Drive, 5, EV 67.5 MPH)
|
| Top of the 3rd over - 0 runs, 0 hits, 0 errors, 0 left on base; Beloit 1 - Lansing 11 |
| BOTTOM OF THE 3RD |
|
Lansing Lugnuts batting - Pitching for Beloit Snappers : LHP Alex Shannon
|
|
Batting: RHB Kennet Strijbis
|
0-0: Ball 1-0: DOUBLE (Line Drive, 9LM, EV 109.4 MPH)
|
|
Batting: RHB Carlos Renteria
|
0-0: Ball 1-0: Swinging Strike 1-1: Ball 2-1: Ground out 5-3 (Groundball, 56, EV 100.0 MPH)
|
|
Batting: RHB Raul de la Cruz
|
0-0: Foul Ball, location: 2F 0-1: Ball 1-1: Foul Ball, location: 2F 1-2: Ball 2-2: Fly out, F2 (Popup, 15S, EV 86.2 MPH)
|
|
Pitching: RHP Marvin Rosas
|
|
|
Batting: LHB Marc Carter
|
0-0: Called Strike 0-1: Called Strike 0-2: Foul Ball, location: 2F 0-2: Ball 1-2: Strikes out swinging
|
| Bottom of the 3rd over - 0 runs, 1 hit, 0 errors, 1 left on base; Beloit 1 - Lansing 11 |
| TOP OF THE 4TH |
|
Beloit Snappers batting - Pitching for Lansing Lugnuts : LHP Jon Valdovinos
|
|
Batting: RHB Rafael Alarcon
|
0-0: Called Strike 0-1: Called Strike 0-2: Ball 1-2: Hit by Pitch
|
|
Batting: RHB Chris Temple
|
0-0: Ball 1-0: Foul Ball, location: 2F 1-1: Called Strike 1-2: Foul Ball, location: 2F 1-2: Strikes out swinging
|
|
Batting: RHB Shannon Beck
|
0-0: Called Strike 0-1: Ball 1-1: Ball 2-1: Ball 3-1: Base on Balls Rafael Alarcon to second
|
|
Batting: RHB Jason Dove
|
0-0: Ball 1-0: Foul Ball, location: 2F 1-1: Called Strike 1-2: Strikes out swinging
|
|
Batting: RHB Moses Brokken
|
0-0: SINGLE (Groundball, 6MD, EV 98.8 MPH) Rafael Alarcon to third Shannon Beck to second Runner from 3rd tries for Home, SAFE, throw by CF to home
|
|
Batting: RHB Tim Anderson
|
0-0: Called Strike 0-1: Ball 1-1: Ball 2-1: Ball Wild Pitch! Shannon Beck to third Moses Brokken to second 3-1: Called Strike 3-2: SINGLE (Groundball, 6MD, EV 98.1 MPH) Shannon Beck scores Moses Brokken to third Runner from 3rd tries for Home, throw by CF and OUT! 8-2
|
| Top of the 4th over - 2 runs, 2 hits, 0 errors, 1 left on base; Beloit 3 - Lansing 11 |
| BOTTOM OF THE 4TH |
|
Lansing Lugnuts batting - Pitching for Beloit Snappers : RHP Marvin Rosas
|
|
Batting: RHB Freddy Quintero
|
0-0: Called Strike 0-1: Ball 1-1: Ground out 5-3 (Groundball, 56S, EV 95.0 MPH)
|
|
Batting: RHB Butch Koglin
|
0-0: Called Strike 0-1: Ground out 6-3 (Groundball, 6, EV 88.8 MPH)
|
|
Batting: RHB Ricky Carbajal
|
0-0: Foul Ball, location: 2F 0-1: Ground out 4-3 (Groundball, 4MD, EV 90.0 MPH)
|
| Bottom of the 4th over - 0 runs, 0 hits, 0 errors, 0 left on base; Beloit 3 - Lansing 11 |
| TOP OF THE 5TH |
|
Beloit Snappers batting - Pitching for Lansing Lugnuts : LHP Jon Valdovinos
|
|
Batting: LHB Nate Melendez
|
0-0: Called Strike 0-1: Ball 1-1: Ball 2-1: Fly out, F3 (Popup, 23F, EV 84.4 MPH)
|
|
Batting: RHB Mike Gangi
|
0-0: Called Strike 0-1: Swinging Strike 0-2: Ball 1-2: Strikes out swinging, 2-3 out at first.
|
|
Batting: RHB Walt Alaniz
|
0-0: Called Strike 0-1: Ball 1-1: Ball 2-1: Swinging Strike 2-2: SINGLE (Line Drive, 9S, EV 92.5 MPH)
|
|
Batting: RHB Rafael Alarcon
|
0-0: Swinging Strike 0-1: Called Strike 0-2: Ball 1-2: SINGLE (Groundball, 4D, EV 95.0 MPH) Walt Alaniz to second
|
|
Batting: RHB Chris Temple
|
0-0: Ball 1-0: Foul Ball, location: 2F 1-1: Foul Ball, location: 2F 1-2: Ball 2-2: Ball 3-2: Strikes out looking
|
| Top of the 5th over - 0 runs, 2 hits, 0 errors, 2 left on base; Beloit 3 - Lansing 11 |
| BOTTOM OF THE 5TH |
|
Lansing Lugnuts batting - Pitching for Beloit Snappers : RHP Marvin Rosas
|
|
Batting: LHB Roger Escareno
|
0-0: Ground out 5-3 (Groundball, 5S, EV 88.8 MPH)
|
|
Batting: LHB Timo Gomez
|
0-0: Called Strike 0-1: Ball 1-1: Ball 2-1: Swinging Strike 2-2: Ball 3-2: Foul Ball, location: 2F 3-2: Foul Ball, location: 2F 3-2: Base on Balls
|
|
Batting: RHB Kennet Strijbis
|
0-0: Called Strike Timo Gomez is caught stealing 2nd base 2-4 0-1: SINGLE (Groundball, 25, EV 75.0 MPH) (infield hit)
|
|
Batting: RHB Carlos Renteria
|
0-0: Called Strike 0-1: Ground out U3 (Groundball, 23, EV 84.4 MPH)
|
| Bottom of the 5th over - 0 runs, 1 hit, 0 errors, 1 left on base; Beloit 3 - Lansing 11 |
| TOP OF THE 6TH |
|
Beloit Snappers batting - Pitching for Lansing Lugnuts : LHP Jon Valdovinos
|
|
Batting: RHB Shannon Beck
|
0-0: Foul Ball, location: 2F 0-1: Ball 1-1: Ball 2-1: Ball 3-1: Base on Balls
|
|
Batting: RHB Jason Dove
|
0-0: Ball 1-0: Ball 2-0: Ball 3-0: Base on Balls Shannon Beck to second
|
|
Batting: RHB Moses Brokken
|
0-0: Foul Ball, location: 2F 0-1: Grounds into double play, 6-4-3 (Groundball, 6M, EV 90.6 MPH) Shannon Beck to third
|
|
Batting: RHB Tim Anderson
|
0-0: Foul Ball, location: 2F 0-1: Swinging Strike 0-2: Ball 1-2: Strikes out swinging, 2-3 out at first.
|
| Top of the 6th over - 0 runs, 0 hits, 0 errors, 1 left on base; Beloit 3 - Lansing 11 |
| BOTTOM OF THE 6TH |
|
Lansing Lugnuts batting - Pitching for Beloit Snappers : RHP Marvin Rosas
|
|
Batting: RHB Raul de la Cruz
|
0-0: Foul Ball, location: 2F 0-1: Swinging Strike 0-2: Ball 1-2: Ball 2-2: DOUBLE (Line Drive, 8LXD, EV 105.6 MPH)
|
|
Pitching: RHP Dave Magana
|
|
|
Batting: LHB Marc Carter
|
0-0: Swinging Strike 0-1: Called Strike 0-2: Ball 1-2: Foul Ball, location: 2F 1-2: Strikes out swinging
|
|
Batting: RHB Freddy Quintero
|
0-0: Foul Ball, location: 2F 0-1: Called Strike 0-2: SINGLE (Groundball, 6MD, EV 101.2 MPH) Raul de la Cruz to third
|
|
Batting: RHB Butch Koglin
|
0-0: Ball 1-0: Called Strike 1-1: Ball 2-1: Foul Ball, location: 2F 2-2: Foul Ball, location: 2F 2-2: Foul Ball, location: 2F 2-2: Ball 3-2: Base on Balls Freddy Quintero to second
|
|
Batting: RHB Ricky Carbajal
|
0-0: Swinging Strike 0-1: Ball 1-1: Swinging Strike 1-2: SINGLE (Flyball, 78S, EV 96.2 MPH) Raul de la Cruz scores Freddy Quintero to third Butch Koglin to second Runner from 3rd tries for Home, throw by LF and OUT! 7-2
|
|
Batting: LHB Roger Escareno
|
0-0: Reached on error, E6 (Groundball, P, EV 87.5 MPH) Butch Koglin scores Ricky Carbajal to third
|
|
Batting: LHB Timo Gomez
|
0-0: Ground out 4-3 (Groundball, 34D, EV 103.1 MPH)
|
| Bottom of the 6th over - 2 runs, 3 hits, 1 error, 2 left on base; Beloit 3 - Lansing 13 |
| TOP OF THE 7TH |
|
Beloit Snappers batting - Pitching for Lansing Lugnuts : LHP Jon Valdovinos
|
|
Pitching: LHP Mike Oakes
|
|
|
Now in LF: Timo Gomez
|
|
|
Now in CF: Brian Manson
|
|
|
Batting: LHB Nate Melendez
|
0-0: Ball 1-0: Foul Ball, location: 2F 1-1: Ball 2-1: Fly out, F9 (Line Drive, 89M, EV 105.6 MPH)
|
|
Batting: RHB Mike Gangi
|
0-0: Called Strike 0-1: Ball 1-1: Ball 2-1: Swinging Strike 2-2: Foul Ball, location: 2F 2-2: Ground out U3 (Groundball, 3, EV 80.0 MPH)
|
|
Batting: RHB Walt Alaniz
|
0-0: Fly out, F5 (Line Drive, 5L, EV 66.2 MPH)
|
| Top of the 7th over - 0 runs, 0 hits, 0 errors, 0 left on base; Beloit 3 - Lansing 13 |
| BOTTOM OF THE 7TH |
|
Lansing Lugnuts batting - Pitching for Beloit Snappers : RHP Dave Magana
|
|
Batting: RHB Kennet Strijbis
|
0-0: Called Strike 0-1: Ball 1-1: Foul Ball, location: 2F 1-2: Ball 2-2: Strikes out swinging
|
|
Batting: RHB Carlos Renteria
|
0-0: Ball 1-0: Ball 2-0: Reached via error on a dropped throw from 1B, E1 (Groundball, 34S, EV 70.0 MPH)
|
|
Batting: RHB Raul de la Cruz
|
0-0: Foul Ball, location: 2F 0-1: Ball 1-1: Ball 2-1: Foul Ball, location: 2F 2-2: Ball 3-2: Foul Ball, location: 2F 3-2: Ground out 4-3 (Groundball, 4, EV 81.2 MPH) Carlos Renteria to second
|
|
Batting: LHB Marc Carter
|
0-0: Foul Ball, location: 2F 0-1: Ball 1-1: Foul Ball, location: 2F 1-2: Ball 2-2: Ball 3-2: Strikes out looking
|
| Bottom of the 7th over - 0 runs, 0 hits, 1 error, 1 left on base; Beloit 3 - Lansing 13 |
| TOP OF THE 8TH |
|
Beloit Snappers batting - Pitching for Lansing Lugnuts : LHP Mike Oakes
|
|
Now in LF: Danny Bailey
|
|
|
Now in RF: Timo Gomez
|
|
|
Batting: RHB Rafael Alarcon
|
0-0: Ball 1-0: Ball 2-0: Ground out 6-3 (Groundball, 6S, EV 91.9 MPH)
|
|
Batting: RHB Chris Temple
|
0-0: Ball 1-0: Foul Ball, location: 2F 1-1: Ball 2-1: Ball 3-1: Foul Ball, location: 2F 3-2: Base on Balls
|
|
Batting: RHB Shannon Beck
|
0-0: Called Strike 0-1: Swinging Strike 0-2: Strikes out swinging
|
|
Batting: RHB Jason Dove
|
0-0: Ball 1-0: Fly out, F8 (Flyball, 8RD, EV 106.9 MPH)
|
| Top of the 8th over - 0 runs, 0 hits, 0 errors, 1 left on base; Beloit 3 - Lansing 13 |
| BOTTOM OF THE 8TH |
|
Lansing Lugnuts batting - Pitching for Beloit Snappers : RHP Dave Magana
|
|
Batting: RHB Freddy Quintero
|
0-0: Ball 1-0: Foul Ball, location: 2F 1-1: Ball 2-1: Foul Ball, location: 2F 2-2: Strikes out swinging
|
|
Batting: RHB Butch Koglin
|
0-0: Ball 1-0: Ball 2-0: Ball 3-0: Called Strike 3-1: Called Strike 3-2: Foul Ball, location: 2F 3-2: Base on Balls
|
|
Pitching: RHP Zach Monlux
|
|
|
Batting: RHB Brian Manson
|
0-0: Ball Passed Ball! Butch Koglin to second 1-0: Foul Ball, location: 2F 1-1: Ground out 5-3 (Groundball, 56S, EV 75.6 MPH) Butch Koglin to third
|
|
Batting: LHB Roger Escareno
|
0-0: Ground out U3 (Groundball, 3, EV 103.8 MPH)
|
| Bottom of the 8th over - 0 runs, 0 hits, 0 errors, 1 left on base; Beloit 3 - Lansing 13 |
| TOP OF THE 9TH |
|
Beloit Snappers batting - Pitching for Lansing Lugnuts : LHP Mike Oakes
|
|
Batting: RHB Moses Brokken
|
0-0: Ball 1-0: Foul Ball, location: 2F 1-1: Ball 2-1: Ball 3-1: Foul Ball, location: 2F 3-2: SINGLE (Line Drive, 78S, EV 103.1 MPH)
|
|
Batting: RHB Tim Anderson
|
0-0: Ball 1-0: Called Strike 1-1: Swinging Strike 1-2: Strikes out swinging
|
|
Batting: LHB Nate Melendez
|
0-0: Called Strike 0-1: Ball 1-1: Fly out, F7 (Flyball, 7S, EV 90.6 MPH)
|
|
Batting: RHB Mike Gangi
|
0-0: Foul Ball, location: 2F 0-1: Foul Ball, location: 2F 0-2: Ground out U3 (Groundball, 3, EV 85.6 MPH)
|
| Top of the 9th over - 0 runs, 1 hit, 0 errors, 1 left on base; Beloit 3 - Lansing 13 |
|